 Dungeon Crawl Stone Soup version 0.27-a0-909-g0721f309d1 (webtiles) character file.

Game seed: 11973284209222370130

119 leviel the Poker (level 5, 0/39 HPs)
             Began as a Merfolk Gladiator on Apr 8, 2021.
             Slain by a gnoll
             ... wielding a +0 club
              (7 damage)
             ... on level 2 of the Dungeon.
             The game lasted 00:05:23 (1828 turns).

leviel the Poker (Merfolk Gladiator)                Turns: 1828, Time: 00:05:23

Health: 0/39       AC:  8    Str: 15    XL:     5   Next: 3%
Magic:  5/5        EV: 14    Int:  7    God:
Gold:   93         SH:  0    Dex: 16    Spells: 4/4 levels left

rFire    . . .     SeeInvis .   i - +3 halberd
rCold    . . .     Faith    .   (shield currently unavailable)
rNeg     . . .     Spirit   .   b - +0 leather armour
rPois    .         Reflect  .   c - +0 helmet
rElec    .         Harm     .   (no cloak)
rCorr    .         Rampage  .   (no gloves)
Will     .....                  (no boots)
Stlth    +.........             (no amulet)
HPRegen  0.13/turn              g - +4 ring of protection
MPRegen  0.09/turn              (no ring)

@: coronaed, glowing
A: (nimble swimmer 2), mertail
a: no special abilities


You were on level 2 of the Dungeon.
You visited 1 branch of the dungeon, and saw 3 of its levels.

You collected 93 gold pieces.

Inventory:

Hand Weapons
 i - a +3 halberd (weapon)
Armour
 b - a +0 leather armour (worn)
 c - a +0 helmet (worn)
Jewellery
 g - a +4 ring of protection (left hand)
Scrolls
 f - a scroll of magic mapping {unknown}


   Skills:
 + Level 2.5 Fighting
 + Level 6.3 Polearms
 + Level 2.2 Throwing
 + Level 1.0 Armour
 * Level 4.9 Dodging
 + Level 0.7 Stealth


You had 4 spell levels left.
You didn't know any spells.
Your spell library was empty.

Dungeon Overview and Level Annotations

Branches:
Dungeon (3/15)

Altars:


Innate Abilities, Weirdness & Mutations

((You are quick and stealthy near water. (Stealth+, EV+, Speed+++)))
Your lower body shifts to a powerful aquatic tail in water.


Message History

The gnoll shaman struggles against the net.
The gnoll hits you with a +0 club.
* * * LOW HITPOINT WARNING * * *
You hit the gnoll.
The gnoll is lightly wounded.
The gnoll shaman struggles against the net.
The gnoll hits you but does no damage.
You closely miss the gnoll.
The gnoll is lightly wounded.
The gnoll shaman struggles against the net.
The gnoll hits you but does no damage.
You barely miss the gnoll.
The gnoll is lightly wounded.
The gnoll shaman struggles against the net.
The net rips apart, and the gnoll shaman comes free!
The gnoll hits you but does no damage.
You closely miss the gnoll.
The gnoll is lightly wounded.
The gnoll barely misses you.
The gnoll shaman calls upon its god to heal the gnoll.
The gnoll's wounds heal themselves!
Throw: throwing net
Press: ? - help, Q - select action Shift-Dir - straight line, f/p - gnoll shaman
Aim: a gnoll shaman, wielding a +0 club and wearing a +0 robe (65% to hit)
You throw a throwing net.
The throwing net closely misses the gnoll.
The throwing net hits the gnoll shaman.
The gnoll shaman is caught in the net!
The gnoll hits you with a +0 club.
* * * LOW HITPOINT WARNING * * *
The gnoll shaman struggles against the net.
You hit the gnoll.
The gnoll is moderately wounded.
The gnoll barely misses you.
The gnoll shaman struggles against the net.
The gnoll closely misses you.
You barely miss the gnoll.
The gnoll is moderately wounded.
The gnoll shaman struggles against the net.
The gnoll hits you with a +0 club!
You die...

...##.#.###.##........#########.#
...##.#........######## #.#
...##.#####.##.# #.#
.............#.# #.#
...##.######..)# #.# ....#.#
#...################.# ....#.#
#...#.............##.#
....#.#######..#.###########.##.#
....#......##..#@# #.##.#
...........##..#g# #.##.#
...........'...#g###########.##.#
...........##....#...........##.#
....#......###...#.############.#
....#......###...#.#......#.(..^.
....#......#.....#.#.####.#.###.#
....#......#.....#.#.##.#.#.# #.#
....#......#.....#.#....#.#.# #.#


You could see a gnoll shaman (caught) and a gnoll.

Vanquished Creatures
  5 gnolls (D:3)
  An adder (D:2)
  2 worms
  2 dart slugs
  3 orcs (D:3)
  5 ball pythons
  7 bats
  3 endoplasms
  2 goblins (D:2)
  2 hobgoblins
  6 jackals
  3 kobolds
  A quokka (D:1)
  2 frilled lizards (D:1)
  5 rats
49 creatures vanquished.

Notes
Turn   | Place    | Note
-------+----------+-------------------------------------------
     0 | D:1      | leviel the Merfolk Gladiator began the quest for the Orb.
     0 | D:1      | Reached XP level 1. HP: 16/16 MP: 1/1
    96 | D:1      | Reached XP level 2. HP: 22/22 MP: 2/2
   265 | D:1      | Found a faded altar of an unknown god.
   333 | D:1      | You fall into a shaft and drop 1 floor!
   356 | D:2      | Reached skill level 5 in Polearms
   509 | D:2      | Reached XP level 3. HP: 27/27 MP: 3/3
  1340 | D:3      | Reached XP level 4. HP: 29/33 MP: 4/4
  1522 | D:3      | Reached skill level 6 in Polearms
  1542 | D:3      | Noticed a gnoll sergeant
  1544 | D:3      | Reached skill level 1 in Armour
  1544 | D:3      | Reached XP level 5. HP: 22/39 MP: 5/5
  1828 | D:2      | Slain by a gnoll

Illustrated notes

Levels and vault maps discovered:
D:1:      minmay_arrival_hallway, layout_loops_corners,
          ebering_ecumenical_altar_box, minmay_hexomino_p4
D:2:      layout_basic
D:3:      lemuel_castle_with_subvaults [lemuel_castle_interior_carwin_3],
          layout_rooms, minitemple, gammafunk_temple_overflow_statue,
          minmay_parallelograms, grunt_ministairs_2

Skill      XL: |  1  2  3  4 |
---------------+-------------+-----
Polearms       | 5 6 |  6.3
Armour         | 1 |  1.0
Fighting       | |  2.5
Throwing       | |  2.2
Dodging        | |  4.9
Stealth        | |  0.7

Action                   |  1- 3 |  4- 6 || total
-------------------------+-------+-------++-------
Melee: Trident           |   107 |    41 ||   148
       Halberd           |       |    20 ||    20
Throw: Throwing net      |       |     3 ||     3
  Use: Potion            |       |     2 ||     2
 Stab: Sleeping          |     3 |     1 ||     4
       Distracted        |     1 |       ||     1
Armor: Leather armour    |    24 |    20 ||    44
Dodge: Dodged            |    34 |    51 ||    85

Table legend: (Time is in decaauts)
 A = Elapsed time spent in this place.
 B = Non-inter-level travel time spent in this place.
 C = Inter-level travel time spent in this place.
 D = Time resting spent in this place.
 E = Time spent auto-exploring this place.
 F = Levels seen in this place.
 G = Mean time per level.
                   A        B        C        D        E       F      G
               +--------+--------+--------+--------+--------+-----+--------+
         Total |   1835 |   1811 |     24 |    219 |   1259 |   3 |  611.7 |
       Dungeon |   1835 |   1811 |     24 |    219 |   1259 |   3 |  611.7 |
               +--------+--------+--------+--------+--------+-----+--------+

Top non-repeatable levels by time:
     D:2: 1192 daAuts
     D:1: 335 daAuts
     D:3: 307 daAuts
